 Dungeon Crawl Stone Soup version 0.17-a0-1646-geb1493d (webtiles) character file.

87 urechis the Magician (level 4, 0/24 HPs)
             Began as a Gargoyle Wizard on Aug 11, 2015.
             Killed from afar by Sigmund (7 damage)
             ... with a puff of flame
             ... on level 2 of the Dungeon.
             The game lasted 00:06:55 (2897 turns).

urechis the Magician (Gargoyle Wizard)              Turns: 2897, Time: 00:06:55

Health: 0/24       AC:  9    Str: 10    XL:     4   Next: 51%
Magic:  8/10       EV: 11    Int: 20    God:
Gold:   85         SH:  0    Dex:  8    Spells: 3 memorised, 5 levels left

rFire  . . .     SeeInvis .     h - +0 spear
rCold  + . .     Clarity  .     a - +0 robe
rNeg   + . .     SustAt   .     (no shield)
rPois  ∞         Gourm    .     i - +2 helmet
rElec  +         Spirit   .     j - -1 cloak (curse)
rCorr  .         Warding  .     k - +0 pair of gloves
rMut   .         Stasis   .     (no boots)
MR     .....                    (no amulet)
Stlth  ++........               (no ring)
                                m - ring of protection from cold

@: not resistant to hostile enchantments, unstealthy
A: negative energy resistance 1, electricity resistance, unbreathing,
petrification resistance, rot immunity, AC +3
a: no special abilities


You were on level 2 of the Dungeon.
You were not hungry.

You visited 1 branch of the dungeon, and saw 2 of its levels.

You collected 85 gold pieces.

Inventory:

Hand weapons
 g - a +0 whip
 h - a +0 spear (weapon)
Armour
 a - a +0 robe (worn)
 b - a +0 hat
 i - a +2 helmet (worn)
 j - a cursed -1 cloak (worn)
 k - a +0 pair of gloves (worn)
 l - a +0 buckler
Jewellery
 m - a ring of protection from cold (left hand)
Scrolls
 e - a scroll of fear {unknown}
 q - a scroll of teleportation {unknown}
 r - 2 scrolls of identify {unknown}
 t - 2 scrolls of enchant armour {unknown}
Potions
 n - a potion of lignification {unknown}
 o - a potion of heal wounds {unknown}
 p - a potion of cure mutation {unknown}
 s - a potion of resistance {unknown}
Books
 c - a book of Minor Magic

   Spells                             Type                      Level
   a - Magic Dart                     Conjuration                  1
   b - Blink                          Translocation                2
   c - Call Imp                       Summoning                    2
   d - Repel Missiles                 Charms/Air                   2
   e - Slow                           Hexes                        2
   f - Conjure Flame                  Conjuration/Fire             3
   g - Mephitic Cloud                 Conjuration/Poison/Air       3
Comestibles
 d - 3 bread rations
 f - a beef jerky


   Skills:
 - Level 1.5 Dodging
 - Level 2.1 Stealth
 + Level 4.0 Spellcasting
 + Level 3.2 Conjurations
   Level 0.8 Summonings
 - Level 0.8 Translocations


You had 5 spell levels left.
You knew the following spells:

 Your Spells              Type           Power        Failure   Level  Hunger
a - Magic Dart            Conj           ###.         3%          1    None
b - Blink                 Tloc           N/A          17%         2    #......
c - Mephitic Cloud        Conj/Pois/Air  #.......     24%         3    ###....


Dungeon Overview and Level Annotations

Branches:
Dungeon (2/15)

Altars:

Annotations:
D:2 Sigmund


Innate Abilities, Weirdness & Mutations

You are resistant to torment.
Your stone body is resilient (AC +3).
You are immune to poison.
You resist negative energy.
You are resistant to electric shocks.
You can survive without breathing.
You are immune to petrification.
You are immune to rotting.


Message History

The magic dart hits you!
You're too confused to move!
You feel less confused.
You hear some strange, mumbled words.
A puff of flame appears from out of thin air!
The puff of flame hits you!
There is an open door here.
You close the door.
Something unseen opens the door.
You close the door.
Something unseen opens the door.
You close the door.
Something unseen opens the door.
You close the door.
Something unseen opens the door.
Something hits you!
* * * LOW HITPOINT WARNING * * *
Casting: Magic Dart
Confirm with . or Enter, or press ? or * to list all spells.
You blink.
A magic dart appears from out of thin air!
The magic dart hits you!
A puff of flame appears from out of thin air!
The puff of flame hits you!
You die...

#.# #.# #... #.# #####.#
##.. #.# #.....# ###..
#.#######.####### #....
#.##......# #...# #....
#####{##......# #...####
#.... #.....##......#
#......# #####
#.....##.....####......#
#
#.....##.......@.......#
#
#####.........###......#
#.#.#'###.# #####'##
#.#.#.# #.# #.# ###.#.#
#.# #.# ########.#.# #.#
#.# .........#.# #.# #.#
######.....# #.#
#.######### #.....# #.#
#....@....#


There were no monsters in sight!

Vanquished Creatures
  An adder (D:2)
  3 gnolls (D:2)
  A worm (D:2)
  A giant gecko (D:1)
  2 giant cockroaches (D:2)
  6 hobgoblins
  2 jackals (D:1)
  A quokka (D:2)
  5 bats
  5 giant newts
  8 goblins
  9 kobolds
  2 rats (D:2)
46 creatures vanquished.

Notes
Turn   | Place    | Note
--------------------------------------------------------------
     0 | D:1      | urechis the Gargoyle Wizard began the quest for the Orb.
     0 | D:1      | Reached XP level 1. HP: 10/10 MP: 4/4
   148 | D:1      | Reached XP level 2. HP: 15/15 MP: 1/6
   848 | D:2      | Reached XP level 3. HP: 19/19 MP: 4/8
  1544 | D:2      | Noticed Sigmund
  1848 | D:2      | Reached XP level 4. HP: 7/24 MP: 0/9
  2247 | D:2      | Reached skill level 4 in Spellcasting
  2419 | D:2      | Learned a level 2 spell: Blink
  2423 | D:2      | Learned a level 3 spell: Mephitic Cloud
  2897 | D:2      | Killed from afar by Sigmund

Vault maps used:
D:1:      eino_arrival_cavern_e
D:2:      first_bread, uniq_sigmund

Action                   |  1- 3 |  4- 6 || total
-------------------------+-------+-------++-------
Melee: Spear             |    91 |    35 ||   126
 Cast: Magic Dart        |    68 |    17 ||    85
       Blink             |       |     1 ||     1
 Stab: Sleeping          |     2 |     1 ||     3
  Eat: Chunk             |     3 |     3 ||     6
